 Dungeon Crawl Stone Soup version 0.24-a0-280-g7cec4da (webtiles) character file.

Game seed: 15007289865989891985

95 CanOfBees the Shooter (level 4, -5/38 HPs)
             Began as a Centaur Hunter on May 15, 2019.
             Slain by Grinder (8 damage)
             ... on level 3 of the Dungeon.
             The game lasted 00:04:09 (3161 turns).

CanOfBees the Shooter (Centaur Hunter)              Turns: 3161, Time: 00:04:09

Health: -5/38      AC:  8    Str: 15    XL:     4   Next: 39%
Magic:  4/4        EV:  4    Int: 15    God:
Gold:   115        SH:  0    Dex: 10    Spells: 3/3 levels left

rFire    . . .     SeeInvis .   a - +1 shortbow
rCold    . . .     Gourm    .   (shield currently unavailable)
rNeg     . . .     Faith    .   e - +0 chain mail
rPois    .         Spirit   .   (no helmet)
rElec    .         Reflect  .   (no cloak)
rCorr    .         Harm     .   t - +0 pair of gloves
MR       .....                  (no barding)
Stlth    ..........             (no amulet)
HPRegen  0.12/turn              (no ring)
MPRegen  0.09/turn              (no ring)

@: brilliant, very quick
A: large, hooves 3, deformed body, speed 2, tough skin 3
a: no special abilities


You were on level 3 of the Dungeon.
You were not hungry.

You visited 1 branch of the dungeon, and saw 3 of its levels.

You collected 115 gold pieces.

Inventory:

Hand Weapons
 a - a +1 shortbow (weapon)
 b - a +0 short sword
 m - a +4 whip
Missiles
 d - 23 arrows (quivered)
Armour
 e - a +0 chain mail (worn)
 t - a +0 pair of gloves (worn)
Scrolls
 c - a scroll of identify
 g - 2 scrolls of remove curse
 i - a scroll of enchant armour {unknown}
 n - a scroll of immolation {unknown}
 r - a scroll of amnesia {unknown}
Potions
 h - a potion of haste {unknown}
 j - a potion of flight {unknown}
 l - a potion of invisibility {unknown}
 o - a potion of brilliance
 p - 2 potions of mutation {unknown}
 q - a potion of curing
 s - a potion of lignification {unknown}
Comestibles
 f - 4 rations
 k - a chunk of flesh


   Skills:
 + Level 3.1 Fighting
 + Level 6.2 Bows
 + Level 2.3 Dodging
 - Level 0.4 Stealth


You had 3 spell levels left.
You didn't know any spells.
Your spell library was empty.

Dungeon Overview and Level Annotations

Branches:
Dungeon (3/15)

Altars:
Uskayaw

Annotations:
D:3 Grinder


Innate Abilities, Weirdness & Mutations

You have hooves in place of feet.
Armour fits poorly on your strangely shaped body.
You cover ground very quickly.
You have extremely tough skin. (AC +3)


Message History

Aim: Grinder (almost dead)
You shoot an arrow. The arrow closely misses Grinder.
Grinder gestures at you.
You suddenly lose the ability to move!
Grinder hits you.
* * * LOW HITPOINT WARNING * * *
Grinder says, "I used to sell toenails on the black market."
Grinder hits you.
* * * LOW HITPOINT WARNING * * *
You writhe in agony.
* * * LOW HITPOINT WARNING * * *
You can move again.
You feel better. Grinder hits you!
* * * LOW HITPOINT WARNING * * *
You writhe in agony.
* * * LOW HITPOINT WARNING * * *
It was a potion of brilliance.
You feel clever all of a sudden. Grinder hits you!
You die...

##.####.##...........#
##..# .......#......#
#.^## #####..#......#
#.## #..#......# ..#
#..#...<>.## ###
#..#........ ..#####
#..........
#.....########...........
#####..†÷<......@5((..%(
##########.##...(?.. #.#
....(.. #.# ....... ###
####.## #


You could see Grinder.

Vanquished Creatures
  3 adders (D:2)
  A worm (D:3)
  2 dart slugs
  A leopard gecko (D:3)
  4 giant cockroaches
  5 goblins
  10 hobgoblins
  6 jackals
  A ball python (D:2)
  7 bats
  A frilled lizard (D:1)
  6 kobolds
  7 rats
54 creatures vanquished.

Notes
Turn   | Place    | Note
-------+----------+-------------------------------------------
     0 | D:1      | CanOfBees the Centaur Hunter began the quest for the Orb.
     0 | D:1      | Reached XP level 1. HP: 17/17 MP: 1/1
   445 | D:1      | Reached XP level 2. HP: 21/24 MP: 2/2
  1249 | D:1      | Reached XP level 3. HP: 30/30 MP: 3/3
  1967 | D:2      | Reached skill level 6 in Bows
  2203 | D:2      | Reached XP level 4. HP: 25/38 MP: 4/4
  2508 | D:2      | Found a faded altar of an unknown god.
  2729 | D:3      | Noticed a +0 dagger
  2730 | D:3      | Noticed a +0 dagger
  2732 | D:3      | Found a hide-covered altar of Uskayaw.
  2903 | D:3      | Noticed Grinder
  3157 | D:3      | Paralysed by Grinder for 3 turns
  3161 | D:3      | Slain by Grinder

Levels and vault maps discovered:
D:1:      ncdulo_lavacross, layout_basic, moated_statue
D:2:      layout_basic, chequers_ecumenical_altar_simple_redux,
          minmay_small_reverse_x
D:3:      layout_rooms, dancing_weapons_uskayaw, first_ration, feat_on_display,
          uniq_grinder

Skill      XL: |  1  2  3 |
---------------+----------+-----
Dodging        | 2 |  2.3
Bows           | 6 |  6.2
Fighting       | 3 |  3.1
Stealth        | |  0.4

Action                   |  1- 3 |  4- 6 || total
-------------------------+-------+-------++-------
Melee: Short sword       |    92 |       ||    92
       Kick              |    29 |     6 ||    35
       Whip              |    51 |    32 ||    83
 Fire: Shortbow          |       |    11 ||    11
  Use: Potion            |     1 |     2 ||     3
       Scroll            |       |     2 ||     2
  Eat: Chunk             |     3 |     3 ||     6
Armor: Leather armour    |    12 |       ||    12
       Chain mail        |    94 |    57 ||   151
Dodge: Dodged            |    41 |     3 ||    44

Table legend:
 A = Non-vault XP
 B = Vault XP
 C = Vault XP percentage of total XP
 D = Non-vault monster count
 E = Vault monster count
 F = Vault count percentage of total count
                 A         B        C        D         E       F
            +---------+---------+-------+---------+---------+-------
      Total |     118 |      18 |  13.2 |      50 |       4 |   7.4
            +---------+---------+-------+---------+---------+-------
        D:1 |      44 |       0 |   0.0 |      24 |       0 |   0.0
        D:2 |      46 |      18 |  28.1 |      13 |       4 |  23.5
        D:3 |      28 |       0 |   0.0 |      13 |       0 |   0.0
            +---------+---------+-------+---------+---------+-------
